Map: Tokamak LE

Players

FalconsSolar (Solar) - Winner!

  • Race: Zerg Zerg
  • Spawn Location: 1:00

SHIN

  • Race: Zerg Zerg
  • Spawn Location: 7:00

Event: DreamHack Dallas 2025

VOD

Have the link to the VOD?

Description

Time

  • Played on: May 25, 2025, 2:03 p.m.
  • Length: 10:25

All games in this series

Show
View Real Time Build Order
Export as new Build Order

FalconsSolar Zerg - Winner!

Build Orders: Hatch First, Zergling Baneling 

Get SALT Encoding   

  12  0:00  Drone  
  13  0:07  Drone  
  14  0:14  Extractor  
  14  0:15  Drone  
  15  0:21  Overlord  
  15  0:41  Drone  
  16  0:45  Hatchery  
  16  0:49  Drone  
  16  0:52  Drone  
  16  0:56  Drone  
  18  1:06  Extractor  
  17  1:11  Spawning Pool  
  17  1:14  Drone  
  17  1:17  Drone  
  18  1:27  Drone  
  19  1:37  Drone  
  20  1:48  Drone  
  21  1:58  Queen x2  
  21  1:59  Zergling x2, Overlord  
  27  2:08  Drone  
  27  2:09  Drone  
  27  2:10  Metabolic Boost  
  28  2:20  Zergling x2, Drone  
  30  2:31  Hatchery  
  30  2:33  Drone  
  30  2:36  Drone  
  31  2:40  Drone  
  32  2:48  Baneling Nest, Drone  
  32  2:54  Overlord  
  32  2:55  Drone  
  33  3:05  Drone  
  33  3:06  Drone  
  33  3:07  Drone  
  36  3:13  Zergling x4  
  36  3:14  Drone x2  
  36  3:15  Zergling x2  
  36  3:19  Overlord  
  41  3:22  Evolution Chamber  
  41  3:23  Drone  
  41  3:29  Drone  
  41  3:31  Baneling  
  41  3:32  Zergling x2  
  43  3:36  Drone  
  43  3:37  Drone  
  43  3:40  Zergling x4  
  47  3:42  Queen  
  47  3:44  Drone  
  49  3:49  Drone x2  
  49  3:53  Zergling x4  
  53  3:58  Overlord  
  53  4:00  Baneling x2  
  53  4:01  Zergling x2  
  53  4:02  Zergling x2  
  55  4:08  Extractor  
  54  4:10  Drone x2, Roach Warren  
  54  4:14  Overlord  
  54  4:16  Drone  
  56  4:17  Drone  
  56  4:20  Zergling x4  
  56  4:24  Baneling x3  
  59  4:25  Zergling x2  
  59  4:26  Baneling x3  
  59  4:27  Zergling x4  
  59  4:28  Baneling  
  59  4:29  Zergling x2, Baneling  
  62  4:32  Zergling x2  
  62  4:33  Zergling x2  
  62  4:35  Zergling x2  
  62  4:37  Overlord  
  61  4:50  Zergling x8, Baneling x2  
  61  4:53  Roach x2  
  61  4:59  Roach x2  
  67  5:07  Roach  
  67  5:10  Roach  
  67  5:11  Zergling x4  
  73  5:16  Drone  
  73  5:20  Roach x2  
  78  5:24  Overlord  
  78  5:26  Extractor  
  77  5:30  Drone  
  77  5:31  Drone  
  77  5:34  Zerg Missile Weapons Level 1  
  77  5:35  Overlord  
  79  5:40  Overlord  
  79  5:42  Drone x2  
  80  5:43  Drone  
  80  5:48  Roach x3  
  87  5:51  Overlord  
  87  5:54  Roach  
  89  5:58  Roach  
  89  6:00  Roach  
  92  6:04  Overlord x3  
  92  6:12  Roach  
  92  6:13  Roach x2  
  98  6:20  Roach x2  
  98  6:21  Roach  
  104  6:25  Roach  
  104  6:26  Zergling x6, Roach  
  104  6:27  Zergling x8  
  113  6:35  Roach  
  113  6:38  Roach x2  
  118  6:40  Zergling x6  
  118  6:45  Zergling x2, Roach x3  
  127  6:55  Zergling x12  
  127  6:56  Ravager  
  127  7:01  Overlord  
  134  7:04  Overlord  
  134  7:06  Ravager  
  134  7:07  Zergling x2  
  136  7:14  Overlord  
  136  7:16  Ravager  
  136  7:19  Overlord  
  136  7:20  Zergling x12  
  136  7:21  Ravager  
  144  7:23  Zergling x2  
  144  7:24  Zergling x4  
  144  7:26  Zergling x2  
  144  7:33  Zergling x6  
  129  7:39  Zergling x6  
  129  7:42  Lair  
  111  7:45  Zergling x6  
  111  7:50  Drone x4  
  110  7:51  Drone  
  110  7:52  Drone  
  110  7:53  Ravager  
  110  7:55  Drone  
  110  7:56  Extractor  
  96  8:02  Drone x3  
  88  8:12  Roach x2  
  88  8:16  Roach  
  88  8:17  Extractor  
  87  8:23  Roach  
  87  8:25  Drone x2, Roach x2  
  87  8:26  Roach x5  
  105  8:27  Drone  
  105  8:30  Roach  
  107  8:38  Roach x3  
  107  8:40  Overseer  
  113  8:42  Glial Reconstitution  
  113  8:46  Roach  
  113  8:47  Roach  
  116  8:51  Ravager, Roach  
  116  8:54  Roach x2  
  125  8:55  Roach  
  125  9:00  Roach x2  
  131  9:02  Roach  
  131  9:07  Roach x2  
  131  9:09  Roach x2  
  139  9:13  Roach x2  
  143  9:17  Roach  
  143  9:18  Roach  
  143  9:20  Roach  
  143  9:23  Roach  
  153  9:24  Roach  
  153  9:27  Overlord  
  153  9:32  Roach x3  
  153  9:35  Roach  
  161  9:39  Overlord x2  
  161  9:43  Overlord  
  161  9:47  Roach x3  
  161  9:50  Roach  
  161  9:51  Ravager  
  170  9:58  Roach x4  
  178  10:02  Roach x2  
  178  10:03  Ravager  
Show
View Real Time Build Order
Export as new Build Order

SHIN Zerg 

Build Orders: Hatch First, Zergling Baneling 

Get SALT Encoding   

  12  0:00  Drone  
  13  0:12  Overlord  
  13  0:16  Drone  
  14  0:30  Drone x2  
  16  0:45  Hatchery  
  16  0:49  Drone  
  16  0:52  Drone  
  16  0:56  Drone  
  18  1:06  Extractor  
  18  1:10  Spawning Pool  
  16  1:14  Drone  
  16  1:17  Drone  
  18  1:28  Drone  
  19  1:38  Drone  
  20  1:49  Drone  
  21  1:57  Queen x2  
  21  1:58  Zergling x2  
  21  2:00  Overlord  
  26  2:06  Metabolic Boost  
  26  2:08  Drone  
  27  2:11  Drone  
  28  2:19  Drone  
  28  2:21  Drone  
  30  2:31  Hatchery  
  30  2:36  Drone x2  
  31  2:45  Queen  
  31  2:49  Drone  
  31  2:50  Drone  
  35  2:55  Baneling Nest  
  34  2:59  Overlord  
  34  3:04  Drone x2  
  36  3:18  Zergling x8  
  36  3:19  Zergling x2  
  41  3:20  Overlord  
  41  3:23  Drone  
  42  3:28  Drone  
  42  3:30  Drone  
  44  3:40  Drone x3  
  47  3:46  Zergling x6  
  49  3:53  Zergling x2  
  49  3:54  Zergling x2  
  52  3:55  Zergling x2, Roach Warren  
  52  4:00  Zergling x6  
  54  4:05  Zergling x4  
  54  4:07  Overlord  
  54  4:09  Baneling  
  56  4:10  Baneling  
  56  4:11  Zergling x2, Baneling x2  
  56  4:12  Zergling x2  
  56  4:14  Overlord  
  58  4:17  Overlord, Extractor  
  58  4:18  Overlord  
  57  4:24  Zergling x2  
  57  4:26  Baneling x3  
  57  4:27  Zergling x4, Baneling  
  61  4:31  Zergling x4  
  54  4:38  Drone  
  54  4:39  Drone x4  
  54  4:42  Zergling x2  
  54  4:44  Zergling x2  
  56  4:50  Drone x3  
  53  4:57  Zergling x2  
  53  4:58  Baneling x2  
  54  5:00  Drone x2  
  54  5:02  Drone  
  54  5:04  Drone  
  54  5:06  Drone  
  58  5:09  Drone x2  
  60  5:16  Roach x2  
  60  5:20  Roach x2  
  68  5:24  Queen  
  70  5:31  Evolution Chamber, Queen  
  71  5:37  Overlord, Roach  
  71  5:39  Roach  
  71  5:41  Drone x2  
  75  5:46  Drone x3  
  78  5:50  Roach x2  
  78  5:52  Roach  
  78  5:55  Roach  
  86  5:57  Extractor  
  86  6:00  Zerg Missile Weapons Level 1  
  86  6:01  Roach  
  86  6:04  Overlord, Roach  
  87  6:08  Roach  
  87  6:10  Overlord  
  91  6:13  Overlord  
  91  6:16  Roach  
  93  6:19  Roach  
  93  6:24  Spine Crawler, Roach  
  95  6:26  Overlord  
  95  6:27  Roach  
  95  6:32  Roach  
  99  6:34  Roach  
  93  6:40  Roach x2  
  93  6:42  Drone x2  
  93  6:43  Drone, Roach  
  93  6:44  Extractor  
  93  6:46  Roach  
  103  6:51  Roach  
  105  6:55  Drone x2, Roach  
  105  6:56  Roach  
  105  7:00  Overlord  
  105  7:01  Roach  
  113  7:05  Roach x2  
  113  7:08  Roach  
  118  7:09  Zergling x6  
  118  7:12  Roach  
  118  7:14  Roach  
  124  7:17  Spine Crawler, Roach  
  124  7:19  Spine Crawler  
  124  7:21  Roach  
  126  7:24  Roach  
  126  7:26  Overlord  
  126  7:27  Zergling x2, Roach  
  130  7:31  Roach  
  130  7:33  Roach  
  130  7:35  Roach  
  119  7:38  Roach  
  119  7:42  Roach  
  101  7:45  Roach  
  101  7:47  Zergling x4  
  101  7:48  Roach  
  91  7:52  Roach  
  91  7:53  Zergling x8  
  91  7:56  Roach  
  90  7:58  Roach  
  90  8:01  Roach  
  90  8:03  Roach  
  84  8:07  Roach  
  84  8:09  Drone  
  84  8:10  Drone  
  88  8:15  Drone  
  88  8:17  Drone  
  88  8:20  Drone  
  88  8:21  Lair  
  88  8:25  Drone  
  90  8:29  Drone  
  90  8:31  Drone  
  90  8:34  Queen  
  92  8:38  Drone  
  92  8:39  Drone  
  97  8:41  Drone  
  97  8:44  Drone x2  
  97  8:48  Drone x2  
  101  8:50  Drone  
  101  8:52  Drone  
  103  8:56  Drone x2  
  103  9:00  Drone x2  
  103  9:02  Drone x2  
  108  9:06  Overlord  
  108  9:07  Drone, Extractor  
  108  9:10  Extractor  
  108  9:12  Roach  
  108  9:13  Roach  
  108  9:15  Roach  
  113  9:17  Roach  
  113  9:23  Spire  
  114  9:24  Overseer  
  114  9:26  Roach  
  114  9:28  Roach  
  114  9:30  Roach  
  120  9:34  Roach x2  
  120  9:37  Roach x2  
  128  9:40  Overlord  
  128  9:47  Overlord, Roach  
  128  9:49  Overlord  
  130  9:53  Overlord  
  130  9:55  Overlord  
  130  9:58  Roach x2  
  134  10:01  Roach  
  134  10:02  Roach  
  134  10:05  Roach  
Tags
 
Add a new tag
Caveats
  • Supply blocks, unpowered buildings, or Contaminate may cause inaccurate times.
  • Supply counts are checked every 10 seconds.